AoeStats
← TKBXPT2214

Arabia

505694842Analyzed
3v3 RM · 23d ago on Sep 10, 2026· 34m 46s· 6 players
Game mode
Random Map
Map size
Normal (6 player)
Population
200
Speed
Normal
Resources
Standard
Victory
Conquest
Starting age
Dark Age
Ending age
Imperial Age
RankedLock teamsTeams togetherTeam positionsShared explorationLock speedFull tech treeHidden civsTurbo modeCheats
Victory
Defeat
🇹🇷 Huns · Türkiye
1071
+14
🇪🇸 Hindustanis · Spain
933
+20
🇺🇸 Burgundians · United States
913
+20
🇦🇷 Aztecs · Argentina
1067
-20
🇫🇷 Chinese · France
1000
-51
🇵🇪 Magyars · Peru
991
-17
max_lxvi
10:44 Feudal Age
11:26 Double-Bit Axe
16:17 Castle Age
17:40 Fletching
18:34 Bow Saw
18:36 Gold Mining
22:11 Bodkin Arrow
24:27 Ballistics
Little robot
10:31 Feudal Age
13:23 Double-Bit Axe
13:23 Horse Collar
15:01 Wheelbarrow
25:21 Forging
32:43 Padded Archer Armor
32:33 Fletching
TKBXPT2214
3:51 Loom
11:44 Feudal Age
13:00 Wheelbarrow
18:55 Castle Age
18:09 Gold Mining
18:31 Scale Mail Armor
18:43 Forging
20:27 Eagle Warrior
21:36 Hand Cart
21:11 Double-Bit Axe
22:30 Gold Shaft Mining
24:52 Chain Mail Armor
26:13 Iron Casting
30:11 Gambesons
30:27 Squires
35:08 Imperial Age
Lucuman
8:08 Loom
11:40 Feudal Age
16:11 Castle Age
15:48 Double-Bit Axe
15:45 Horse Collar
21:42 Forging
22:58 Gold Mining
24:17 Scale Mail Armor
25:39 Squires
25:25 Arson
28:09 Grand Trunk Road
29:17 Town Watch
31:28 Wheelbarrow
32:20 Chain Mail Armor
henry j.waternoose
11:18 Feudal Age
17:41 Castle Age
16:33 Loom
20:25 Wheelbarrow
20:30 Stone Mining
20:41 Double-Bit Axe
26:56 Horse Collar
bulger97
5:03 Loom
11:33 Feudal Age
14:11 Double-Bit Axe
15:13 Horse Collar
19:58 Castle Age
18:14 Gold Mining
18:34 Fletching
19:06 Padded Archer Armor
20:55 Thumb Ring
21:29 Bow Saw
22:28 Bloodlines
23:40 Husbandry
25:44 Leather Archer Armor
25:53 Heavy Plow
27:00 Ballistics
27:02 Bodkin Arrow
34:38 Wheelbarrow
Connection lost

Rejoining the realm…

Still unreachable

The connection could not be restored.

Session expired

The server has moved on; the page needs a fresh start.